 Dungeon Crawl Stone Soup version 0.28.0-49-g6dfe1f597d (console) character file.

Game seed: 15828071592607523637

32 Faeu the Skirmisher (level 3, 0/49 HPs)
             Began as a Minotaur Berserker on May 16, 2022.
             Was a Follower of Trog.
             Slain by a goblin
             ... wielding a +0 dagger
             ... led by Robin
              (2 damage)
             ... on level 2 of the Dungeon.
             The game lasted 00:00:53 (1293 turns).

Faeu the Skirmisher (Minotaur Berserker)            Turns: 1293, Time: 00:00:54

Health: 0/49       AC:  2    Str: 23    XL:     3   Next: 10%
Magic:  2/2        EV: 12    Int:  4    God:    Trog [*.....]
Gold:   27         SH:  0    Dex:  9    Spells: 2/2 levels left

rFire   . . .      SeeInvis .   a - +0 hand axe {axe}
rCold   . . .      Faith    .   (no shield)
rNeg    . . .      Spirit   .   b - +0 animal skin
rPois   .          Reflect  .   (helmet restricted)
rElec   .          Harm     .   (no cloak)
rCorr   .          Rampage  .   (no gloves)
Will    .....                   (no boots)
Stlth   ..........              (no amulet)
HPRegen 0.16/turn               (no ring)
MPRegen 0.08/turn               (no ring)

@: berserking (expiring), very quick
A: horns 2, retaliatory headbutt
a: Renounce Religion, Berserk


You were on level 2 of the Dungeon.
You worshipped Trog.
Trog was aware of your devotion.
You visited 1 branch of the dungeon, and saw 2 of its levels.

You collected 27 gold pieces.


Innate Abilities, Weirdness & Mutations

You have a pair of horns on your head.
You reflexively headbutt those who attack you in melee.


   Skills:
 + Level 4.1 Fighting
 + Level 4.1 Axes
 + Level 3.0 Armour
 + Level 2.7 Dodging


You had 2 spell levels left.
You didn't know any spells.
Your spell library was empty.

Inventory:

Hand Weapons
 a - a +0 hand axe (weapon) {axe}
Armour
 b - a +0 animal skin (worn)
Scrolls
 d - a scroll of brand weapon {unknown}
 f - a scroll of fear {unknown}
 h - a scroll of teleportation {unknown}
 i - a scroll of identify {unknown}
Potions
 c - 2 potions of heal wounds {unknown}
 e - a potion of cancellation {unknown}
 g - a potion of invisibility {unknown}

Dungeon Overview and Level Annotations

Branches:
Dungeon (2/15)

Altars:

Annotations:
D:2 Robin

#.#...#....##..#
#)#..##....##..#
#.#......#.##..#
#.##.....#..#..#
#........#..#..#
########.#.....#
#.##..#.#
#.###.#.# #.#
#...# #.# ##.g#
#(# #@)#
#.#####g###
.....g.g..#
?....ggg..#
.....g....#
......$.^.#
..........#
..........#
..........#
.....$....#


You could see Robin and 3 goblins.


Message History

You are too injured to fight recklessly!
An endoplasm is nearby!
You are too injured to fight recklessly!
The endoplasm quivers.
You hit the endoplasm. The endoplasm barely misses you.
You slash the endoplasm!
You kill the endoplasm!
Trog accepts your kill.
HP restored.
You now have 27 gold pieces (gained 4). 2 goblins come into view.
The goblin shouts!
You hear a shout!
Robin and 2 goblins come into view.
A goblin is wielding a +0 dagger of holy wrath.
Robin shouts!
The goblin shouts! x2; You hear a shout!
Robin throws the goblin at you!
A goblin comes into view. It is wielding a +0 club.
A goblin comes into view. It is wielding a +0 dagger.
A goblin comes into view. It is wielding a +0 club.
There is a stone staircase leading down here. 😕 HP[+10]
You regained 10 hp, and now have 24/27 hp.
There are monsters nearby!
A goblin comes into view. It is wielding a +0 dagger.
The goblin shouts! x3; You hear a shout!
A goblin comes into view. It is wielding a +0 club. x2
The goblin shouts!
You hear a shout!
Robin says, "A pitiful Minotaur like you will never find the ORB!"
Robin throws the goblin at you! The goblin hits you but does no damage.
There is a stone staircase leading down here. 😕 HP[+1]
You slash the goblin!
You kill the goblin!
Trog accepts your kill.
Robin laughs in a distinctly smug fashion.
Robin roars a battlecry!
The goblins go into a battle-frenzy!
A hobgoblin comes into view.
Robin throws the goblin at you!
You see here a +0 dagger {short}. 😕 HP[-2]
You take 2 damage, and now have 23/27 hp.
You hit the goblin.
You kill the goblin!
Trog accepts your kill.
Your Armour skill increases to level 3!
Things that are here:
a +0 dagger {short}; a goblin corpse The goblin hits you with a +0 club. x3
There is a stone staircase leading down here. 😮 HP[-8]
You take 8 damage, and now have 15/27 hp.
MASSIVE DAMAGE!! (PAUSE)
The goblin hits you but does no damage. The goblin hits you with a +0 club.
* * * LOW HITPOINT WARNING * * *
Things that are here:
a +0 dagger {short}; a goblin corpse; 😨 HP[-6]
You take 6 damage, and now have 9/27 hp.
MASSIVE DAMAGE!! (PAUSE)
A red film seems to cover your vision as you go berserk!
You feel yourself moving faster!
You feel mighty! The goblin barely misses you.
The goblin hits you with a +0 club.
* * * LOW HITPOINT WARNING * * *
😨 HP[+4]
You now have 40 max hp (+13).
You regained 4 hp, and now have 13/40 hp.
You barely miss the goblin. Your headbutt misses the goblin.
You slash the goblin!
You kill the goblin!
Trog accepts your kill. Robin throws the goblin at you!
The goblin barely misses you. The goblin hits you with a +0 club.
* * * LOW HITPOINT WARNING * * *
You have reached level 3!
Your experience leads to an increase in your attributes!
Increase (S)trength, (I)ntelligence, or (D)exterity?
You feel stronger. x2 😱 HP[-4] MP[+1]
You now have 49 max hp (+9).
Your mp is fully restored (2).
You closely miss the goblin. You hit the goblin.
You kill the goblin!
Trog accepts your kill.
You barely miss the goblin. The goblin barely misses you.
The goblin hits you with a +0 club.
* * * LOW HITPOINT WARNING * * *
😱 HP[-5]
You take 5 damage, and now have 4/49 hp.
You hit the goblin.
You kill the goblin!
Trog accepts your kill.
You closely miss the goblin. The goblin hits you with a +0 dagger.
* * * LOW HITPOINT WARNING * * *
😱 HP[-2]
You take 2 damage, and now have 2/49 hp.
You slash the goblin!
You kill the goblin!
Trog accepts your kill.
You barely miss the goblin. Robin throws the goblin at you!
The goblin hits you with a +0 dagger.
You die...

Skill      XL: |  1  2 |
---------------+-------+-----
Fighting       | 4 |  4.1
Axes           | 4 |  4.1
Armour         | 3 |  3.0
Dodging        | |  2.7

Action                   || total
-------------------------++-------
Melee: Hand axe          ||    47
       Headbutt          ||     6
       Punch             ||     1
Invok: Berserk           ||     2
Armor: Animal skin       ||     7
Dodge: Dodged            ||    23

Levels and vault maps discovered:
D:1:      psy_arrival_radial01, layout_basic,
          shapermc_ecumenical_altar_acropolis, chequers_arboretum
D:2:      layout_basic, uniq_crazy_yiuf_cottage, uniq_robin

Notes
Turn   | Place    | Note
-------+----------+-------------------------------------------
     0 | D:1      | Faeu the Minotaur Berserker began the quest for the Orb.
     0 | D:1      | Reached XP level 1. HP: 19/19 MP: 0/0
     0 | D:1      | magus.rc [v1.9.6]
   237 | D:1      | Found a faded altar of an unknown god.
   314 | D:1      | Reached XP level 2. HP: 27/27 MP: 1/1
   995 | D:2      | Reached skill level 4 in Fighting
   995 | D:2      | Reached skill level 4 in Axes
  1038 | D:2      | HP: 6/27 [hobgoblin (3)]
  1278 | D:2      | Noticed Robin
  1284 | D:2      | Reached skill level 3 in Armour
  1288 | D:2      | HP: 7/40 [goblin/+0 club[Robin] (6)]
  1289 | D:2      | Reached XP level 3. HP: 9/33 MP: 2/2
  1290 | D:2      | HP: 2/49 [goblin/+0 dagger[Robin] (2)]
  1293 | D:2      | Slain by a goblin

Vanquished Creatures
  3 dart slugs
  2 endoplasms
  10 goblins
  2 hobgoblins
  A ball python (D:1)
  A bat (D:1)
  2 kobolds (D:1)
  3 rats (D:1)
24 creatures vanquished.

Vanquished Creatures (others)
  A fungus (D:1)
1 creature vanquished.

Grand Total: 25 creatures vanquished

Table legend:
 A = Non-vault XP
 B = Vault XP
 C = Vault XP percentage of total XP
 D = Non-vault monster count
 E = Vault monster count
 F = Vault count percentage of total count
                 A         B        C        D         E       F
            +---------+---------+-------+---------+---------+-------
      Total |      35 |      12 |  25.5 |      18 |       6 |  25.0
            +---------+---------+-------+---------+---------+-------
        D:1 |      25 |       0 |   0.0 |      14 |       0 |   0.0
        D:2 |      10 |      12 |  54.5 |       4 |       6 |  60.0
            +---------+---------+-------+---------+---------+-------

Illustrated notes

Table legend:
 A = Kills in this place as a percentage of kills in entire the game.
 B = Kills by you in this place as a percentage of kills by you in the entire game.
 C = Kills by friends in this place as a percentage of kills by friends in the entire game.
 D = Other kills in this place as a percentage of other kills in the entire game.
 E = Experience gained in this place as a percentage of experience gained in the entire game.
 F = Experience gained in this place divided by the number of levels of this place that you have seen.
                   A       B       C       D       E      F
               +-------+-------+-------+-------+-------+----------------------
         Total | 100.0 | 100.0 |   N/A |   N/A | 100.0 |  23.5
       Dungeon | 100.0 | 100.0 |   N/A |   N/A | 100.0 |  23.5
               +-------+-------+-------+-------+-------+----------------------

Table legend: (Time is in decaauts)
 A = Elapsed time spent in this place.
 B = Non-inter-level travel time spent in this place.
 C = Inter-level travel time spent in this place.
 D = Time resting spent in this place.
 E = Time spent auto-exploring this place.
 F = Levels seen in this place.
 G = Mean time per level.
                   A        B        C        D        E       F      G
               +--------+--------+--------+--------+--------+-----+--------+
         Total |   1307 |   1273 |     34 |     83 |   1071 |   2 |  653.5 |
       Dungeon |   1307 |   1273 |     34 |     83 |   1071 |   2 |  653.5 |
               +--------+--------+--------+--------+--------+-----+--------+

Top non-repeatable levels by time:
     D:1: 985 daAuts
     D:2: 322 daAuts
